 Dungeon Crawl Stone Soup version 0.30.1-4-g462c640d31 (webtiles) character file.

Game seed: 9765738263531742179

135749 Babbit the Severer (level 16, -2/155 HPs)
             Began as a Minotaur Fighter on Sept 18, 2023.
             Was the Champion of Okawaru.
             Slain by Arachne
             ... wielding the +9 staff of Olgreb {rPois∞}
              (6 damage)
             ... on level 2 of the Spider Nest.
             The game lasted 02:23:44 (24500 turns).

Babbit the Severer (Minotaur Fighter)              Turns: 24500, Time: 02:23:45

Health: -2/155     AC: 40    Str: 28    XL:     16   Next: 65%
Magic:  0/16       EV:  7    Int: 11    God:    Okawaru [******]
Gold:   2851       SH:  0    Dex: 11    Spells: 15/15 levels left

rFire   + . .        j - +9 war axe (spect)
rCold   . . .        R - +5 kite shield of Okawaru's Condemnation {rCorr}
rNeg    . . .        u - +8 chain mail {rC+}
rPois   .            V - +2 hat {Int+3}
rElec   +            C - +2 cloak {rCorr}
rCorr   +            J - +2 pair of gloves
SInv    +            Y - +2 pair of boots {Stlth+}
Will    ++...        Z - amulet "Wadesoid" {rElec Regen+ rCorr Int+3 SInv}
Stlth   ++           h - +4 ring of protection
HPRegen 1.25/turn    E - ring "Liniol" {Fire rElec Will+}
MPRegen 0.15/turn

%: no passive effects
@: lethally poisoned (-2 -> -8), heroic, marked, held, slowed, studying Dodging,
very slow
A: horns 2, retaliatory headbutt
a: Renounce Religion, Heroism, Finesse, Duel


You were on level 2 of the Spider Nest.
You worshipped Okawaru.
Okawaru was exalted by your worship.
You visited 5 branches of the dungeon, and saw 25 of its levels.
You also visited: Sewer and Ice Cave.

You collected 4206 gold pieces.
You spent 1355 gold pieces at shops.

Inventory:

Hand Weapons
 j - a +9 spectral war axe (weapon)
 s - a +2 scimitar of flaming
Missiles
 v - 2 silver boomerangs
 L - 3 throwing nets
 S - 8 silver javelins
Armour
 i - a scarf of repulsion
 t - a +4 plate armour
 u - a +8 chain mail of cold resistance (worn)
 C - a +2 cloak of preservation (worn)
 F - the +3 ring mail of the Swan {Rampage *Slow Will+}
   (Okawaru gifted it to you on level 5 of the Lair of Beasts)

   *Slow:     It may slow you when you take damage.
   Rampage:   It bestows one free step when moving towards enemies.
   Will:      It increases your willpower.
 J - a +2 pair of gloves (worn)
 N - a +5 chain mail of poison resistance
 O - a +3 kite shield of positive energy
 R - the +5 kite shield of Okawaru's Condemnation (worn) {rCorr}
   (Okawaru gifted it to you on level 11 of the Dungeon)

   rCorr:     It protects you from acid and corrosion.
 V - a +2 hat of intelligence (worn)
 Y - a +2 pair of boots of stealth (worn)
Jewellery
 c - a ring of willpower
 h - a +4 ring of protection (left hand)
 n - an amulet of guardian spirit
 w - a ring of protection from cold
 D - a ring of protection from fire
 E - the ring "Liniol" (right hand) {Fire rElec Will+}
   (You acquired it on level 12 of the Dungeon)

   [ring of fire]

   It enhances your fire magic.
   rF:        It protects you from fire.
   rC:        It makes you vulnerable to cold.
   rElec:     It insulates you from electricity.
   Will:      It increases your willpower.
 Q - a ring of flight
 T - a ring of poison resistance
 Z - the amulet "Wadesoid" (around neck) {rElec Regen+ rCorr Int+3 SInv}
   (You found it in an ice cave)

   [amulet of regeneration]

   Int:       It affects your intelligence (+3).
   rElec:     It insulates you from electricity.
   SInv:      It lets you see invisible.
   Regen:     It increases your rate of health regeneration.
   rCorr:     It protects you from acid and corrosion.
Wands
 b - a wand of polymorph (8)
 f - a wand of digging (12)
 x - a wand of flame (64)
 y - a wand of iceblast (21)
 H - a wand of acid (2)
 W - a wand of mindburst (5)
Scrolls
 g - 4 scrolls of magic mapping
 l - 3 scrolls of butterflies
 m - 5 scrolls of poison
 p - 4 scrolls of teleportation
 q - 3 scrolls of fog
 A - 2 scrolls of blinking
 B - 2 scrolls of fear
 U - a scroll of silence
 X - 5 scrolls of identify
Potions
 a - 8 potions of curing
 d - 4 potions of invisibility
 e - 3 potions of berserk rage
 k - 9 potions of lignification
 o - 4 potions of haste
 r - 2 potions of might
 z - 2 potions of cancellation
 G - a potion of resistance
 I - a potion of flight
 M - 2 potions of magic
 P - a potion of brilliance
Miscellaneous
 K - a lightning rod (4/4) (quivered)


   Skills:
 + Level 17.0(22.0) Fighting
 + Level 0.8(5.8) Long Blades
 + Level 20.6(25.9) Axes
 + Level 5.7(19.6) Maces & Flails
 + Level 2.2(18.7) Polearms
 + Level 2.5(7.5) Throwing
 + Level 13.6(18.6) Armour
 + Level 9.2(14.2) Dodging
 + Level 3.5(8.5) Stealth
 + Level 17.8(22.8) Shields
 + Level 1.3 Invocations
 + Level 1.3 Evocations


You had 15 spell levels left.
You didn't know any spells.
Your spell library contained the following spells:

 Spells                   Type           Power      Damage    Failure   Level
 Foxfire                  Conj/Fire      0%         2x1d4     71%         1
 Magic Dart               Conj           0%         1d3       71%         1
 Sandblast                Erth           0%         2d4       71%         1
 Lesser Beckoning         Tloc           0%         N/A       83%         2
 Passwall                 Tmut/Erth      0%         N/A       83%         2
 Searing Ray              Conj           0%         2d4       83%         2
 Gell's Gravitas          Tloc           0%         N/A       97%         3
 Hailstorm                Conj/Ice       0%         3d3       97%         3
 Inner Flame              Hex/Fire       0%         N/A       97%         3
 Ozocubu's Armour         Ice            0%         N/A       97%         3
 Stone Arrow              Conj/Erth      0%         3d7       97%         3
 Teleport Other           Tloc           0%         N/A       97%         3
 Flame Wave               Conj/Fire      0%         2d4       100%        4
 Fulminant Prism          Conj/Hex       0%         3d5       100%        4
 Ice Form                 Ice/Tmut       0%         N/A       100%        4
 Manifold Assault         Tloc           0%         N/A       100%        4
 Sticky Flame             Conj/Fire      0%         2d3       100%        4
 Alistair's Intoxication  Tmut/Pois      0%         N/A       100%        5
 Borgnjor's Vile Clutch   Necr/Erth      0%         N/A       100%        5
 Fireball                 Conj/Fire      0%         3d3       100%        5
 Metabolic Englaciation   Hex/Ice        0%         N/A       100%        5
 Conjure Ball Lightning   Conj/Air       0%         3x3d6     100%        6
 Dispersal                Tloc           0%         N/A       100%        6
 Eringya's Noxious Bog    Tmut/Pois      0%         N/A       100%        6
 Plasma Beam              Fire/Air       0%         2x1d11    100%        6
 Starburst                Conj/Fire      0%         6d3       100%        6
 Discord                  Hex            0%         N/A       100%        8
 Disjunction              Tloc           0%         N/A       100%        8
 Simulacrum               Ice/Necr       Unusable   N/A       N/A         6

Dungeon Overview and Level Annotations

Branches:
Dungeon (15/15)            Temple (1/1) D:6            Lair (5/5) D:8
 Shoals (0/4) Lair:2       Spider (2/4) Lair:3        Slime (0/5) Lair:4
    Orc (2/2) D:12            Elf (0/3) Orc:2        Vaults (0/5) D:14
 Depths (0/4) D:15          Sewer (visited)           IceCv (visited)

Altars:
Ashenzari
Cheibriados
Dithmenos
Elyvilon
Fedhas
Gozag
Hepliaklqana
Kikubaaqudgha
Makhleb
Nemelex Xobeh
Okawaru
Qazlal
Ru
Sif Muna
Trog
Uskayaw
Vehumet
Wu Jian
Xom
Yredelemnul
Zin
The Shining One

Shops:
D:2 **!(   D:6 [   D:9 *   D:11 =   D:15 [   Orc:2 *=*[(

Annotations:
Lair:5 exclusion: oklob plant
Spider:2 Agnes, Arachne


Innate Abilities, Weirdness & Mutations

You have a pair of horns on your head.
You reflexively headbutt those who attack you in melee.


Message History

The redback bites you but does no damage.
Arachne hits you but does no damage. Arachne envenoms you!
* * * LOW HITPOINT WARNING * * *
You are more poisoned.
The jumping spider leaps!
The wolf spider hits you.
* * * LOW HITPOINT WARNING * * *
The wolf spider bites you but does no damage.
The jumping spider pounces on you.
* * * LOW HITPOINT WARNING * * *
You are even more entangled.
The jumping spider bites you but does no damage.
There is a web, spattered with blood here.
Things that are here:
a wolf spider corpse; a wolf spider corpse The web tears apart.
You feel extremely sick. You block the wolf spider's attack.
The wolf spider bites you but does no damage.
Agnes hits you with a +4 vampiric lajatang!!
* * * LOW HITPOINT WARNING * * *
You block the wolf spider's attack. x2
The ghost moth stares at you. You block the redback's attack.
Arachne's staff shoots out a stream of webbing.
The stream of webbing hits you but does no damage.
You are caught in a web!
The spark wasp closely misses you. Agnes hits you but does no damage.
The wolf spider hits you but does no damage.
The wolf spider bites you but does no damage.
The jumping spider leaps!
The wolf spider hits you but does no damage.
The wolf spider bites you but does no damage.
A torpor snail comes into view.
The jumping spider leaps!
The entropy weaver gestures at you while chanting.
The ghost moth stares at you.
The redback bites you but does no damage.
The spark wasp stings you but does no damage.
Arachne hits you with the +9 staff of Olgreb {rPois∞}.
You die...

### ..........##
#..##^.......(..#
................#.
...°°...°..#.......
......#.......#...#
#.....)s°.s?.......
####..#.sss.s..#.^.#
#.....#yiHws#.......
#....°y@sws°B......
###^.s#ss#s..°.#..
###†ssss?..#.....
#.#.ss..........
####s...^..#..#.
#^.........w....
#.....#..#...#..
#.............# .
##...#....#...#


You could see Arachne, Agnes, a ghost moth (invisible), an entropy weaver, a
steelbarb worm, a spark wasp, 2 torpor snails, 3 wolf spiders, 3 orb spiders, 3
culicivoras, 5 jumping spiders, 2 tarantellas and 4 redbacks.

Vanquished Creatures
  Kirke (D:12)
  Frances (D:12)
  Donald (Spider:2)
  Louise (Spider:1)
  A ghost moth (Spider:1)
  A broodmother (Spider:1)
  A vampire knight (D:13)
  A dire elephant (D:15)
  Nessos (D:14)
  Snorg (D:10)
  A fire dragon (Lair:2)
  Josephine (D:15)
  4 jiangshi (D:13)
  3 vault guards (D:14)
  A great orb of eyes (D:15)
  Harold (D:9)
  The ghost of Xrynn the Unseen, a journeyman SpEn of Okawaru (Spider:1)
  4 hydras
  5 centaur warriors
  An ice dragon (IceCv)
  Erolcha (Orc:1)
  Erica (D:8)
  A boulder beetle (D:13)
  3 orc high priests (Orc:2)
  A tengu warrior (D:15)
  9 death yaks
  Urug (Lair:3)
  A spectral emperor scorpion (Spider:1)
  A deep elf knight (D:14)
  Sonja (D:12)
  3 skysharks
  2 spectral spark wasps (Spider:1)
  A spectral ghost moth (Spider:1)
  The ghost of LynnLen the Covert, a novice SpEn of Dithmenos (D:7)
  A pharaoh ant (Spider:1)
  Lodul (D:12)
  An orb spider (Spider:1)
  Pikel (D:6)
  3 wizards
  A deep elf pyromancer (D:14)
  A steelbarb worm (Spider:1)
  3 harpies (Lair:2)
  9 cyclopes
  3 orc sorcerers (Orc:2)
  8 orc knights
  15 ugly things
  7 black mambas
  A salamander (D:15)
  2 manticores
  9 wolf spiders
  2 moths of wrath (Spider:1)
  38 elephants
  Maurice (D:13)
  The ghost of mortz the Trooper, a novice DgFi (D:5)
  4 gargoyles
  3 emperor scorpion simulacra (Spider:1)
  2 ice statues (IceCv)
  2 torpor snails
  5 rime drakes
  A kobold demonologist (D:12)
  2 demonic crawlers (Spider:1)
  12 cane toads
  A spark wasp simulacrum (Spider:1)
  A freezing wraith (D:13)
  5 komodo dragons
  2 efreet
  A ghost moth simulacrum (Spider:1)
  2 ice devils (D:13)
  A tengu conjurer (D:15)
  5 hornets (Lair:5)
  8 polar bears
  10 tarantellas
  3 trolls
  Grinder (D:6)
  23 blink frogs
  15 slime creatures
  A dream sheep (Lair:5)
  2 water elementals (D:13)
  16 jumping spiders
  11 culicivoras
  13 spriggans (Lair:5)
  8 wraiths
  4 vampires
  5 wyverns
  Eustachio (D:5)
  A fire bat (D:6)
  56 yaks
  2 basilisks
  4 humans
  16 redbacks
  3 steam dragons
  2 vampire mosquitoes (D:10)
  2 wargs
  Menkaure (D:5)
  9 water moccasins
  Pargi (Sewer)
  Duvessa (D:5)
  2 sky beasts
  22 orc warriors
  2 ice beasts
  3 black bears
  14 ogres
  7 boggarts
  33 wolves
  11 centaurs
  2 kobold brigands
  A phantom (D:5)
  4 gnoll sergeants
  15 bullfrogs
  4 scorpions
  8 wights
  Dowan (D:5)
  5 lindwurm simulacra (IceCv)
  5 electric eels
  5 howler monkeys
  5 komodo dragon simulacra (IceCv)
  3 hounds
  5 jellies
  13 orc priests
  Crazy Yiuf (D:5)
  A sleepcap (D:4)
  2 iguanas
  Natasha (twice) (D:4)
  Terence (D:2)
  23 orc wizards
  Robin (D:2)
  25 gnolls
  6 acid dragon simulacra (IceCv)
  9 adders
  3 river rats (D:3)
  2 shadow imps
  4 white imps
  2 ufetubi
  5 steam dragon simulacra (IceCv)
  4 worms
  5 dart slugs
  81 orcs
  7 endoplasms
  7 giant cockroaches
  13 goblins
  13 hobgoblins
  5 jackals
  6 quokkas
  7 ball pythons
  A bat (D:3)
  5 frilled lizards
  9 kobolds
  4 rats
859 creatures vanquished.

Vanquished Creatures (others)
  6 spectral weapons
6 creatures vanquished.

Grand Total: 865 creatures vanquished

Notes
Turn   | Place    | Note
-------+----------+-------------------------------------------
     0 | D:1      | Babbit the Minotaur Fighter began the quest for the Orb.
     0 | D:1      | Reached XP level 1. HP: 19/19 MP: 0/0
   212 | D:1      | Reached XP level 2. HP: 27/27 MP: 1/1
   988 | D:2      | Reached XP level 3. HP: 21/33 MP: 2/2
   993 | D:2      | Reached skill level 3 in Axes
  1149 | D:2      | Found a sacrificial altar of Ru.
  1171 | D:2      | Noticed Robin
  1178 | D:2      | Killed Robin
  1182 | D:2      | Reached XP level 4. HP: 38/40 MP: 3/3
  1286 | D:2      | Found Lurug's Antique Weapon Boutique.
  1376 | D:2      | Found Dejif's Distillery.
  1383 | D:2      | Bought a potion of heal wounds for 50 gold pieces
  1416 | D:2      | Noticed Terence
  1426 | D:2      | Killed Terence
  1427 | D:2      | Reached skill level 4 in Axes
  1428 | D:2      | Found Yjor's Assorted Antiques.
  1452 | D:2      | Found Nuhot's General Store.
  1852 | D:3      | Found a glowing drain.
  1883 | D:3      | Reached XP level 5. HP: 37/47 MP: 4/4
  1887 | Sewer    | Entered a sewer
  2063 | Sewer    | Noticed Pargi
  2077 | Sewer    | Killed Pargi
  2078 | Sewer    | Reached skill level 5 in Axes
  2212 | D:3      | Reached XP level 6. HP: 51/53 MP: 5/5
  2346 | D:3      | Found a faded altar of an unknown god.
  2622 | D:4      | Reached skill level 6 in Axes
  2633 | D:4      | Reached skill level 5 in Fighting
  2638 | D:4      | Reached skill level 5 in Shields
  2669 | D:4      | Reached XP level 7. HP: 23/61 MP: 6/6
  2904 | D:4      | Reached skill level 7 in Axes
  2904 | D:4      | Reached skill level 5 in Armour
  3135 | D:4      | Reached XP level 8. HP: 60/71 MP: 7/7
  3214 | D:4      | Reached skill level 8 in Axes
  3402 | D:4      | Noticed Natasha
  3406 | D:4      | Killed Natasha
  3410 | D:4      | Reached skill level 9 in Axes
  3562 | D:4      | Noticed Natasha
  3570 | D:4      | Killed Natasha
  3643 | D:4      | Found a sacrificial altar of Ru.
  3787 | D:4      | Found a radiant altar of Vehumet.
  3833 | D:5      | Entered Level 5 of the Dungeon
  3835 | D:5      | Noticed Duvessa
  3842 | D:5      | Noticed Dowan
  3899 | D:5      | Killed Duvessa
  3900 | D:5      | Reached skill level 1 in Dodging
  3912 | D:5      | Killed Dowan
  3913 | D:5      | Reached skill level 10 in Axes
  4017 | D:5      | Noticed Menkaure
  4026 | D:5      | Killed Menkaure
  4146 | D:5      | Noticed Eustachio
  4163 | D:5      | Killed Eustachio
  4164 | D:5      | Reached XP level 9. HP: 79/79 MP: 8/8
  4223 | D:5      | Found a runed translucent door.
  4227 | D:5      | Noticed mortz's ghost (novice DgFi)
  4250 | D:5      | Killed mortz's ghost
  4343 | D:5      | Reached skill level 11 in Axes
  4525 | D:5      | Found a runed translucent door.
  4525 | D:5      | Identified the +4 hammer "Ijenab" {elec, rC- Str+3 Int+2
                  | Dex+3}
  4526 | D:5      | Noticed Crazy Yiuf
  4530 | D:5      | Killed Crazy Yiuf
  4738 | D:2      | Bought a runed battleaxe for 266 gold pieces
  4869 | D:6      | Found Ozxodgh's Antique Armour Shoppe.
  4912 | D:6      | Noticed Grinder
  4919 | D:6      | Killed Grinder
  4920 | D:6      | Reached skill level 1 in Maces & Flails
  4990 | D:6      | Found a staircase to the Ecumenical Temple.
  5207 | D:6      | Found a transporter.
  5227 | D:6      | Found a transporter.
  5550 | D:6      | Found a stormy altar of Qazlal.
  5550 | D:6      | Noticed Pikel
  5562 | D:6      | Killed Pikel
  5740 | D:6      | Found a sparkling altar of Nemelex Xobeh.
  5988 | Temple   | Entered the Ecumenical Temple
  6198 | D:7      | Noticed LynnLen's ghost (novice SpEn)
  6200 | D:7      | Found a runed translucent gate.
  6200 | D:7      | Found a runed translucent gate.
  6200 | D:7      | Found a runed translucent gate.
  6216 | D:7      | Found a hide-covered altar of Uskayaw.
  6216 | D:7      | Found a shadowy altar of Dithmenos.
  6221 | D:7      | Found a burning altar of Makhleb.
  6224 | D:7      | Found an ancient bone altar of Kikubaaqudgha.
  6226 | D:7      | Found a blossoming altar of Fedhas.
  6227 | D:7      | Found a snail-covered altar of Cheibriados.
  6238 | D:7      | Reached XP level 10. HP: 79/90 MP: 9/9
  6269 | D:7      | Found a hazy altar of Hepliaklqana.
  6270 | D:7      | Found an iron altar of Okawaru.
  6297 | D:7      | Became a worshipper of Warmaster Okawaru
  6716 | D:7      | Noticed a cyclops
  7165 | D:2      | Bought a scroll of blinking for 75 gold pieces
  7686 | D:8      | Noticed Erica
  7698 | D:8      | Killed Erica
  7698 | D:8      | Reached * piety under Okawaru
  7699 | D:8      | Reached skill level 5 in Maces & Flails
  7699 | D:8      | Reached skill level 1 in Stealth
  7848 | D:8      | Found a glowing silver altar of Zin.
  7848 | D:8      | Noticed an angel
  7914 | D:8      | Identified the +1 kite shield "Ipetyu" {Dex+4}
  8001 | D:8      | Found a staircase to the Lair.
  8043 | D:8      | Reached skill level 12 in Axes
  8120 | D:8      | Found an ornate altar of the Wu Jian Council.
  8441 | D:7      | Killed a cyclops
  8441 | D:7      | Reached ** piety under Okawaru
  8447 | D:7      | Killed LynnLen's ghost
  8694 | D:9      | Noticed Harold
  8721 | D:9      | Killed Harold
  8721 | D:9      | Reached *** piety under Okawaru
  8722 | D:9      | Reached skill level 13 in Axes
  8722 | D:9      | Reached XP level 11. HP: 17/99 MP: 10/10
  9167 | D:9      | Found Moplunuf's Serpentskin Sales.
  9408 | D:10     | Entered Level 10 of the Dungeon
  9519 | D:10     | Reached **** piety under Okawaru
  9520 | D:10     | Reached skill level 1 in Evocations
  9576 | D:10     | Received a gift from Okawaru
  9577 | D:10     | Reached skill level 10 in Fighting
  9730 | D:10     | Reached skill level 1 in Throwing
  9734 | D:10     | Noticed a wizard
  9734 | D:10     | Noticed an ogre mage
  9734 | D:10     | Noticed a rakshasa
  9734 | D:10     | Noticed a deep elf pyromancer
  9744 | D:10     | Noticed a boulder beetle
  9745 | D:10     | Noticed a deep elf pyromancer
  9755 | D:10     | Noticed an orc knight
  9803 | D:10     | Noticed a boulder beetle
 10093 | D:10     | Noticed Snorg
 10101 | D:10     | Killed Snorg
 10203 | D:11     | Reached skill level 14 in Axes
 10264 | D:11     | You fall into a shaft and drop 1 floor!
 10294 | D:12     | Reached ***** piety under Okawaru
 10415 | D:11     | Found Iqeasixt's Jewellery Emporium.
 10435 | D:11     | Bought a ring of flight for 210 gold pieces
 10513 | D:11     | Noticed a white ugly thing
 10527 | D:11     | Killed a white ugly thing
 10527 | D:11     | Identified the +5 kite shield of Okawaru's Condemnation
                  | {rCorr} (Okawaru gifted it to you on level 11 of the
                  | Dungeon)
 10527 | D:11     | Received a gift from Okawaru
 11028 | Lair:1   | Entered Level 1 of the Lair of Beasts
 11145 | Lair:1   | Reached skill level 10 in Armour
 11266 | Lair:1   | Reached XP level 12. HP: 106/110 MP: 11/11
 11386 | Lair:1   | Noticed a death yak
 11386 | Lair:1   | Noticed a death yak
 11386 | Lair:1   | Noticed a death yak
 11388 | Lair:1   | Noticed a death yak
 11388 | Lair:1   | Noticed a death yak
 11426 | Lair:1   | Reached skill level 15 in Axes
 11437 | D:8      | Killed a death yak
 11456 | D:8      | Killed a death yak
 11566 | D:8      | Killed a death yak
 11586 | D:8      | Killed a death yak
 11674 | Lair:1   | Reached skill level 10 in Shields
 11678 | Lair:1   | Killed a death yak
 11679 | Lair:1   | Reached skill level 16 in Axes
 12067 | Lair:2   | Found a staircase to the Shoals.
 12089 | Lair:2   | Reached ****** piety under Okawaru
 12462 | Lair:2   | Received a gift from Okawaru
 12469 | Lair:2   | Reached XP level 13. HP: 118/118 MP: 12/12
 12677 | Lair:2   | a five-headed hydra changed into a fire dragon
 12677 | Lair:2   | Noticed a fire dragon
 12689 | Lair:2   | Killed a fire dragon
 13434 | Lair:3   | Reached skill level 5 in Dodging
 13654 | Lair:3   | Reached skill level 17 in Axes
 13685 | Lair:3   | Received a gift from Okawaru
 13751 | Lair:3   | Identified 2 scrolls of acquirement
 13752 | Lair:3   | Acquired 1228 gold pieces
 13754 | Lair:3   | Acquired a manual of Dodging
 13880 | Lair:3   | Noticed Urug
 13892 | Lair:3   | Killed Urug
 14024 | Lair:3   | Found a hole to the Spider Nest.
 14471 | Lair:4   | Found a staircase to the Slime Pits.
 15129 | Lair:4   | Received a gift from Okawaru
 15334 | Lair:5   | Entered Level 5 of the Lair of Beasts
 15390 | Lair:4   | Reached XP level 14. HP: 92/129 MP: 13/13
 15586 | Lair:5   | Reached skill level 18 in Axes
 15598 | Lair:5   | Reached skill level 1 in Polearms
 15756 | Lair:5   | Found the +1 robe of Vines {NoPotionHeal Regen++++}
 15827 | Lair:5   | Received a gift from Okawaru
 15964 | Lair:5   | Identified the +3 ring mail of the Swan {Rampage *Slow
                  | Will+} (Okawaru gifted it to you on level 5 of the Lair of
                  | Beasts)
 15964 | Lair:5   | Received a gift from Okawaru
 17604 | D:12     | Found a staircase to the Orcish Mines.
 17612 | D:12     | Noticed Lodul
 17620 | D:12     | Killed Lodul
 17818 | D:12     | Found a stormy altar of Qazlal.
 17915 | D:12     | Acquired the ring "Liniol" {Fire rElec Will+}
 17932 | D:12     | Noticed Frances
 17951 | D:12     | Killed Frances
 18020 | D:12     | Noticed Sonja
 18028 | D:12     | Killed Sonja
 18114 | D:12     | Noticed Kirke
 18125 | D:12     | Killed Kirke
 18419 | D:13     | Noticed Maurice
 18427 | D:13     | Killed Maurice
 18457 | D:13     | Reached XP level 15. HP: 139/139 MP: 14/14
 18743 | D:13     | Reached skill level 15 in Fighting
 18743 | D:13     | Reached skill level 19 in Axes
 18800 | D:13     | Found a frozen archway.
 18820 | IceCv    | Entered an ice cave
 19045 | IceCv    | Identified the staff of death "Becottug" {rN+ rCorr Int+3
                  | Dex-5}
 19150 | IceCv    | Received a gift from Okawaru
 19151 | IceCv    | Reached skill level 15 in Shields
 19388 | IceCv    | Identified the amulet "Wadesoid" {rElec Regen+ rCorr Int+3
                  | SInv}
 19968 | D:13     | Identified the +1 flail of the Crafting Wolf {elec, rN+
                  | Int+3}
 20016 | D:13     | Found an ancient bone altar of Kikubaaqudgha.
 20019 | D:13     | Paralysed by a vampire knight for 2 turns
 20309 | D:14     | Reached skill level 1 in Invocations
 20439 | D:14     | Found a gate to the Vaults.
 20630 | D:14     | Noticed Nessos
 20668 | D:14     | Killed Nessos
 20921 | D:14     | Received a gift from Okawaru
 21387 | D:15     | Entered Level 15 of the Dungeon
 21387 | D:15     | Found Teophac's Antique Armour Boutique.
 21412 | D:15     | Bought a runed plate armour for 754 gold pieces
 21660 | D:15     | Found a staircase to the Depths.
 21761 | D:15     | Noticed Josephine
 21768 | D:15     | Killed Josephine
 22302 | Orc:1    | Entered Level 1 of the Orcish Mines
 22302 | Orc:1    | Noticed Erolcha
 22307 | Orc:1    | Killed Erolcha
 22467 | Orc:2    | Entered Level 2 of the Orcish Mines
 22561 | Orc:2    | Found a staircase to the Elven Halls.
 22678 | Orc:2    | Reached XP level 16. HP: 150/152 MP: 15/15
 22727 | Orc:2    | Paralysed by an orc sorcerer for 4 turns
 22844 | Orc:2    | Found Jymo's Jewellery Boutique.
 22844 | Orc:2    | Found Jeho's Antique Weapon Emporium.
 22846 | Orc:2    | Found Owkynt's Armour Emporium.
 22846 | Orc:2    | Found Etiu's Assorted Antiques.
 22910 | Orc:2    | Reached skill level 20 in Axes
 22923 | Orc:2    | Found Wyluk's CLEARANCE SALE!.
 23136 | Orc:1    | Found an iron altar of Okawaru.
 23519 | Spider:1 | Entered Level 1 of the Spider Nest
 23731 | Spider:1 | Noticed Louise
 23734 | Spider:1 | Received a gift from Okawaru
 23747 | Spider:1 | Killed Louise
 23840 | Spider:1 | Found a runed translucent gate.
 23840 | Spider:1 | Found a runed translucent gate.
 23841 | Spider:1 | Found a runed translucent gate.
 23842 | Spider:1 | Noticed Xrynn's ghost (journeyman SpEn)
 23875 | Spider:1 | Killed Xrynn's ghost
 24480 | Spider:2 | Noticed Donald
 24488 | Spider:2 | Noticed Agnes
 24489 | Spider:2 | Killed Donald
 24494 | Spider:2 | Noticed Arachne
 24500 | Spider:2 | HP: 4/155 [Agnes/+4 vampiric lajatang (18)]
 24500 | Spider:2 | Slain by Arachne

Illustrated notes

Levels and vault maps discovered:
D:1:      kilobyte_arrival_exit_the_forest, layout_basic, serial_forest,
          infiniplex_forest_zigzag_1, infiniplex_forest_clump_medium,
          infiniplex_forest_straight_5, infiniplex_forest_clump_tiny,
          infiniplex_forest_straight_4
D:2:      layout_basic, serial_shops, nicolae_shop_pleasant_corner_grove,
          nicolae_shop_pleasant_corner_grove, shop_statue, shop, basic_altar,
          kennysheep_flooded_box, uniq_terence, uniq_robin
D:3:      layout_loops_cross, portal_sewer_entry_a,
          chequers_ecumenical_altar_grove, corexii_shack
D:4:      minmay_octagon_keep, layout_gridville, vehumet_altar_wand_db,
          lemuel_doored_altar, minmay_fractal_squares_diagonal_5, uniq_natasha
D:5:      dreamdust_elfheim, layout_rooms, ebering_ghost_sewer_d, minmay_holes,
          uniq_eustachio, uniq_duvessa, uniq_crazy_yiuf_cottage, uniq_menkaure
D:6:      gammafunk_cloud_chamber, layout_basic,
          mainiacjoe_overflow_catch_the_wave, minmay_temple_entry_from_below_a,
          serial_shops, nicolae_shop_trees, uniq_pikel, uniq_grinder
D:7:      layout_loops_cross, nicolae_overflow_hallway_of_the_gods,
          gammafunk_ghost_split, lightli_orcish_oven
D:8:      layout_loops_ring, zin_angel, marbit_many_paths,
          grunt_lair_entry_orc_guard_hut, uniq_erica
D:9:      layout_big_octagon, guppyfry_shop_venom, uniq_harold
D:10:     layout_roguey, minivault_12, uniq_snorg
D:11:     layout_roguey, serial_shops, shop, minmay_misc_feat_tiny
D:12:     layout_loops_cross, orc_0_dummy, nicolae_qazlal_style_of_elements,
          uniq_lodul, uniq_sonja, uniq_kirke, uniq_frances
D:13:     layout_basic, portal_ice_cave_demonic_guard, nicolae_nh_vlads_tower,
          uniq_maurice
D:14:     layout_stronghold, grunt_vaults_entry_fortified, uniq_nessos
D:15:     hangedman_depths_entry_try_elsewhere_first, layout_cave_pods,
          serial_shops, shop, chequers_serial_rivers_room_a, uniq_josephine
Temple:   nicolae_temple_bog_church
Lair:1:   layout_regular_city, guppyfry_lair_drakes, infiniplex_staircase_pool,
          grunt_megastairs_2
Lair:2:   layout_cave_pods, nicolae_shoals_entry_roost,
          cheibrodos_lair_reptile_den
Lair:3:   beast_lair_carwin_large_2, layout_loops_ring, dummy_spider_entry,
          grunt_megastairs_5, uniq_urug
Lair:4:   layout_gridlike, slime_entry_1, serial_bayou, serial_bayou_crossing,
          serial_bayou_pond_d, serial_bayou_pond_e, serial_bayou_pond_c,
          serial_bayou_pond_b
Lair:5:   minmay_lair_end_enchanted_forest, layout_regular_city, st_stairs_11,
          hellmonk_guarded_unrand_vines, grunt_megastairs_3
Spider:1: layout_spider_delve, gammafunk_ghost_necromancy, uniq_louise
Spider:2: layout_spider_delve, nicolae_spider_moth_buddies, uniq_arachne,
          uniq_agnes, uniq_donald
Orc:1:    layout_caves, okawaru_metal_pillars_1_2, uniq_erolcha
Orc:2:    grunt_orc_tribal_feast, layout_diamond_mine, basic_altar,
          nicolae_shop_clearance

Skill      XL: |  1  2  3  4  5  6  7  8  9 10 11 12 13 14 15 16 |
---------------+-------------------------------------------------+-----
Shields        | 4 5 6 7 8 10 12 14 16 17 | 17.8
Armour         | 4 5 6 7 9 10 11 12 13 | 13.6
Fighting       | 4 5 6 7 8 9 11 12 13 14 16 17 | 17.0
Axes           | 3 4 5 6 7 10 11 13 14 16 17 18 19 20 | 20.6
Dodging        | 1 2 3 4 6 7 8 9 |  9.2
Maces & Flails | 3 5 |  5.7
Stealth        | 1 2 3 |  3.5
Evocations     | 1 |  1.3
Throwing       | 1 2 |  2.5
Polearms       | 2 |  2.2
Invocations    | 1 |  1.3
Long Blades    | |  0.8

Action                     |  1- 3 |  4- 6 |  7- 9 | 10-12 | 13-15 | 16-18 || total
---------------------------+-------+-------+-------+-------+-------+-------++-------
  Melee: War axe           |    53 |   140 |   169 |   426 |  1032 |   217 ||  2037
         Headbutt          |     7 |    28 |    50 |   102 |   266 |    47 ||   500
         Mace              |       |       |    59 |    72 |       |       ||   131
         Halberd           |       |       |       |       |    17 |       ||    17
         Scimitar          |       |       |       |       |     8 |       ||     8
  Throw: Throwing net      |       |     1 |       |       |       |       ||     1
         Boomerang         |       |       |     2 |     7 |    31 |     2 ||    42
 Invoke: Heroism           |       |       |       |     1 |     9 |     2 ||    12
  Evoke: Wand              |       |       |       |    10 |     1 |       ||    11
    Use: Scroll            |     1 |     3 |     5 |    15 |    23 |     2 ||    49
         Potion            |       |     4 |     1 |     4 |     4 |     2 ||    15
   Stab: Distracted        |       |       |       |       |     4 |     3 ||     7
 Armour: Scale mail        |    14 |       |       |       |       |       ||    14
         Plate armour      |    11 |   104 |    35 |       |       |       ||   150
         Chain mail        |       |       |   123 |   267 |   481 |   109 ||   980
  Dodge: Dodged            |    24 |    41 |    95 |   119 |   293 |    89 ||   661
  Block: Buckler           |     9 |    39 |    79 |    28 |       |       ||   155
         Kite shield       |       |       |       |   257 |   823 |   180 ||  1260
